Map: Cerulean Fall LE

Players

Zaltoa

  • Race: Zerg Zerg
  • League: Master
  • Spawn Location: 1:00

mothman - Winner!

  • Race: Protoss Protoss
  • League: Master
  • Spawn Location: 7:00

VOD

Have the link to the VOD?

Description

Time

  • Played on: Oct. 9, 2018, 9:43 a.m.
  • Length: 14:52
Show
View Real Time Build Order
Export as new Build Order

Zaltoa Zerg 

Build Orders: Hatch First, Lurkers 

Get SALT Encoding   

  12  0:00  Drone  
  13  0:12  Overlord  
  13  0:24  Drone  
  14  0:31  Drone  
  15  0:39  Drone  
  16  0:48  Drone  
  17  0:56  Drone  
  18  0:59  Hatchery  
  18  1:02  Extractor  
  16  1:11  Spawning Pool  
  16  1:15  Drone  
  16  1:18  Drone  
  17  1:28  Drone  
  18  1:39  Drone  
  19  1:52  Overlord  
  19  1:58  Queen  
  21  2:10  Queen  
  21  2:11  Drone  
  21  2:12  Metabolic Boost, Drone x2  
  26  2:22  Drone x2  
  28  2:33  Zergling x4  
  28  2:34  Queen  
  32  2:43  Zergling x2  
  33  2:46  Overlord  
  33  3:01  Zergling x2  
  33  3:02  Zergling x2  
  33  3:05  Hatchery  
  33  3:08  Zergling x2  
  33  3:09  Zergling x4  
  35  3:13  Zergling x2  
  36  3:20  Zergling x2  
  36  3:21  Zergling x4  
  36  3:25  Zergling x4  
  41  3:29  Drone  
  41  3:33  Drone  
  43  3:35  Overlord  
  43  3:45  Drone  
  43  3:46  Overlord  
  44  3:53  Drone x2  
  44  3:54  Overlord  
  46  3:56  Drone  
  46  4:01  Drone  
  46  4:02  Drone  
  48  4:05  Spore Crawler  
  48  4:07  Drone  
  48  4:11  Spore Crawler  
  48  4:13  Drone  
  48  4:15  Drone  
  49  4:18  Drone  
  49  4:22  Drone x2  
  52  4:29  Drone x4  
  56  4:36  Drone  
  57  4:40  Drone x3  
  57  4:42  Overlord  
  57  4:45  Extractor  
  59  4:46  Extractor  
  59  4:48  Lair  
  58  4:54  Roach Warren  
  58  4:57  Drone, Evolution Chamber  
  58  4:59  Drone  
  58  5:01  Spore Crawler  
  58  5:04  Extractor x2  
  53  5:08  Queen  
  53  5:12  Drone x2  
  53  5:13  Drone  
  58  5:20  Drone x4  
  61  5:27  Spore Crawler, Drone x3  
  65  5:28  Drone  
  66  5:36  Zerg Missile Weapons Level 1  
  66  5:37  Overlord  
  66  5:38  Zergling x2, Evolution Chamber  
  66  5:40  Zergling x2  
  67  5:45  Zergling x2, Overlord  
  67  5:47  Roach  
  67  5:49  Roach  
  72  5:53  Roach  
  72  5:55  Roach  
  72  5:56  Roach  
  78  5:58  Roach  
  78  6:00  Roach  
  78  6:03  Roach  
  81  6:06  Roach, Glial Reconstitution  
  81  6:09  Roach  
  81  6:11  Roach  
  87  6:17  Zerg Melee Weapons Level 1  
  87  6:20  Roach  
  87  6:21  Roach x2  
  87  6:23  Roach  
  87  6:25  Overlord  
  95  6:31  Roach, Overlord  
  97  6:36  Overlord  
  97  6:40  Hydralisk Den  
  97  6:41  Drone  
  97  6:43  Drone x2  
  97  6:46  Burrow  
  99  6:47  Pneumatized Carapace  
  99  6:48  Roach  
  100  6:57  Drone x3  
  100  6:58  Drone x3  
  100  6:59  Drone x2  
  108  7:01  Drone  
  108  7:02  Drone  
  108  7:04  Extractor  
  108  7:06  Extractor  
  108  7:07  Roach x2  
  112  7:13  Roach x2  
  112  7:17  Roach x2  
  112  7:19  Roach  
  112  7:21  Roach  
  108  7:24  Roach  
  100  7:30  Drone x2  
  100  7:31  Drone x4  
  100  7:35  Roach x2  
  100  7:36  Roach  
  104  7:39  Extractor, Zerg Missile Weapons Level 2  
  104  7:42  Drone  
  104  7:43  Roach  
  106  7:47  Roach  
  108  7:57  Roach x2  
  112  8:00  Roach x2  
  112  8:02  Overlord  
  112  8:04  Roach  
  118  8:07  Roach  
  118  8:08  Overlord  
  118  8:12  Hatchery  
  119  8:14  Roach, Grooved Spines  
  119  8:16  Overseer  
  121  8:25  Roach  
  121  8:26  Roach x3  
  126  8:27  Roach x2  
  126  8:28  Roach  
  126  8:29  Roach  
  126  8:30  Hydralisk  
  121  8:36  Roach x3  
  121  8:38  Roach  
  109  8:45  Zerg Melee Weapons Level 2  
  101  8:49  Infestation Pit  
  101  8:53  Roach  
  101  8:54  Lurker Den  
  95  8:58  Hydralisk x2  
  95  9:00  Overlord  
  99  9:06  Queen  
  99  9:09  Hydralisk x3  
  103  9:12  Zergling x2  
  103  9:15  Hydralisk  
  110  9:17  Hydralisk  
  110  9:20  Hydralisk  
  110  9:22  Drone x2  
  110  9:23  Drone  
  117  9:26  Muscular Augments  
  117  9:28  Roach  
  117  9:30  Roach  
  121  9:35  Roach x2, Hydralisk  
  127  9:42  Hive  
  127  9:45  Drone x3  
  130  9:48  Drone  
  130  9:49  Roach  
  133  9:59  Spore Crawler  
  128  10:02  Queen  
  128  10:07  Hydralisk x3  
  128  10:08  Hydralisk x2  
  128  10:12  Hydralisk x2  
  140  10:18  Drone x2  
  142  10:23  Lurker x3  
  142  10:27  Zergling x12  
  151  10:32  Overlord  
  151  10:36  Overlord  
  151  10:39  Zergling x2, Overlord  
  152  10:46  Hydralisk x3  
  152  10:47  Hydralisk x11  
  141  11:03  Roach x7  
  141  11:04  Roach, Hydralisk x5  
  157  11:07  Hydralisk x11  
  167  11:12  Lurker  
  167  11:13  Lurker x2  
  170  11:22  Roach  
  143  11:35  Zergling x2  
  143  11:36  Zergling x26  
  127  11:41  Zerg Missile Weapons Level 3  
  127  11:42  Zerg Melee Weapons Level 3  
  127  11:43  Zergling x2  
  114  11:48  Hydralisk x2  
  114  11:52  Roach  
  120  11:59  Drone x2  
  120  12:00  Drone x2  
  123  12:07  Zergling x2  
  107  12:08  Hydralisk  
  107  12:09  Hydralisk x2  
  107  12:12  Zergling x6  
  93  12:16  Roach  
  93  12:22  Roach x3  
  99  12:25  Roach  
  99  12:26  Roach  
  99  12:28  Roach x2  
  99  12:29  Roach  
  109  12:33  Hydralisk x3  
  109  12:34  Hydralisk x2  
  119  12:37  Extractor  
  119  12:38  Extractor  
  119  12:39  Roach x3  
  119  12:40  Roach  
  119  12:42  Roach  
  127  12:47  Drone x2  
  127  12:50  Roach  
  131  12:52  Roach  
  131  12:55  Roach x2  
  137  13:01  Hydralisk  
  137  13:02  Hydralisk x3  
  147  13:13  Roach x6  
  147  13:14  Roach  
  157  13:22  Hydralisk  
  157  13:25  Roach x2  
  157  13:26  Roach  
  158  13:31  Roach x3  
  158  13:32  Zergling x2  
  158  13:33  Overlord x2  
  159  13:36  Overlord  
  159  13:45  Ultralisk Cavern  
  141  13:50  Roach x2  
  141  13:52  Zergling x2  
  141  13:54  Zergling x2  
  141  13:55  Zergling x2  
  124  13:59  Zergling x2  
  124  14:01  Zergling x8  
  124  14:02  Zergling x20  
  114  14:07  Zergling x2  
  103  14:10  Zergling x2  
  103  14:11  Zergling x6  
  103  14:14  Hydralisk  
  103  14:16  Hydralisk  
  106  14:17  Hydralisk  
  106  14:21  Hydralisk x2  
  106  14:23  Hydralisk x2  
  105  14:25  Hydralisk  
  105  14:26  Hydralisk  
Show
View Real Time Build Order
Export as new Build Order

mothman Protoss - Winner!

Build Orders: 1 Gate Expand, Oracle Opening, Zealot Archon 

Get SALT Encoding   

  12  0:00  Probe  
  13  0:12  Probe  
  14  0:19  Pylon  
  14  0:24  Probe  
  15  0:33  Probe  
  15  0:40  Gateway  
  16  0:43  Probe  
  17  0:50  Assimilator  
  17  0:54  Probe  
  18  1:06  Probe  
  19  1:18  Probe  
  20  1:31  Nexus  
  20  1:41  Cybernetics Core  
  20  1:44  Probe  
  21  1:49  Assimilator  
  21  1:56  Probe  
  21  2:00  Pylon  
  22  2:08  Probe  
  23  2:10  Adept  
  23  2:20  Probe  
  26  2:23  Warp Gate  
  26  2:25  Stargate  
  26  2:32  Probe  
  26  2:35  Adept  
  29  2:44  Probe  
  29  2:45  Probe  
  31  2:56  Probe  
  31  2:57  Probe  
  33  3:05  Oracle  
  36  3:26  Gateway  
  36  3:28  Shield Battery  
  36  3:29  Probe  
  36  3:34  Probe  
  36  3:38  Oracle  
  36  3:39  Shield Battery  
  36  3:41  Probe  
  38  3:44  Sentry, Pylon  
  41  3:49  Pylon  
  41  3:53  Probe x2  
  45  4:00  Gateway  
  45  4:05  Probe  
  46  4:17  Probe x2  
  47  4:22  Robotics Facility  
  48  4:26  Twilight Council  
  48  4:29  Probe  
  46  4:39  Probe  
  46  4:41  Probe  
  46  4:45  Adept x2  
  52  4:47  Probe  
  52  4:52  Assimilator  
  53  4:53  Probe  
  53  4:54  Assimilator  
  53  4:56  Probe  
  55  5:15  Pylon  
  55  5:17  Pylon  
  55  5:18  Pylon  
  55  5:29  Probe  
  55  5:33  Immortal, Probe  
  61  5:36  Adept x3  
  61  5:41  Probe  
  68  5:45  Probe  
  69  5:53  Probe  
  70  5:57  Probe  
  70  6:00  Charge  
  71  6:05  Probe, Templar Archives  
  71  6:07  Gateway  
  71  6:09  Gateway  
  71  6:11  Gateway  
  72  6:14  Gateway  
  72  6:18  Observer  
  73  6:23  Nexus  
  73  6:25  Pylon  
  72  6:37  Zealot x3  
  78  6:52  Psionic Storm  
  78  6:56  Nexus  
  78  6:58  Pylon  
  78  6:59  Pylon  
  78  7:00  Robotics Facility  
  78  7:01  Pylon  
  78  7:03  Forge, Pylon  
  78  7:13  Immortal  
  76  7:21  Zealot x5  
  76  7:22  Zealot x2  
  73  7:33  Oracle  
  74  7:46  Nexus  
  74  7:47  Pylon  
  74  7:48  High Templar  
  74  7:49  High Templar x3  
  82  7:53  Archon  
  82  7:59  Pylon  
  82  8:03  Immortal x2  
  82  8:07  Zealot  
  82  8:08  High Templar  
  82  8:09  Probe  
  91  8:19  Probe  
  96  8:22  Protoss Ground Weapons Level 1, Probe  
  85  8:40  Nexus  
  83  8:44  Oracle  
  83  8:49  Immortal  
  83  8:52  Photon Cannon  
  83  8:53  Observer  
  83  8:54  Photon Cannon  
  91  9:07  Shield Battery  
  91  9:10  Shield Battery  
  91  9:11  Photon Cannon  
  91  9:12  Immortal, High Templar  
  91  9:15  Probe x2  
  99  9:27  Probe  
  100  9:40  Assimilator  
  100  9:46  Assimilator  
  100  9:49  Pylon  
  100  9:50  Shield Battery  
  100  9:52  Photon Cannon  
  100  9:53  Immortal  
  104  10:03  Warp Prism  
  104  10:06  Probe  
  104  10:07  Probe x2  
  109  10:16  High Templar x3  
  109  10:20  Archon  
  115  10:22  Zealot x2  
  115  10:23  Zealot x2  
  115  10:24  Immortal, Probe  
  124  10:35  Probe x2  
  130  10:42  Pylon  
  130  10:44  Pylon  
  125  11:03  High Templar x3  
  127  11:04  High Templar  
  127  11:05  Zealot x3  
  127  11:07  Archon  
  123  11:29  Zealot x3  
  79  11:42  Zealot x3  
  83  11:47  High Templar  
  83  11:51  Immortal  
  83  11:52  Immortal  
  93  12:02  Zealot x5  
  93  12:07  Archon  
  93  12:08  Nexus  
  79  12:20  High Templar x2  
  83  12:27  Fleet Beacon  
  83  12:28  Warp Prism, Probe  
  84  12:34  Pylon  
  86  12:39  High Templar  
  86  12:40  High Templar x2  
  92  12:47  Zealot  
  92  12:48  Zealot  
  96  12:57  Immortal  
  96  13:04  High Templar  
  102  13:15  Gateway  
  102  13:18  Gateway  
  98  13:37  Zealot x3, High Templar x2  
  98  13:38  Zealot x2  
  98  13:41  Archon  
  84  13:57  Archon  
  84  13:58  Archon x2  
  84  14:00  Zealot x4  
  84  14:01  Zealot  
  69  14:21  Zealot x2, High Templar x2  
  69  14:22  Zealot x3  
  81  14:27  Archon  
  67  14:42  High Templar x2  
  67  14:43  Zealot x5  
  81  14:48  Archon  
Tags
 
Add a new tag
Caveats
  • Supply blocks, unpowered buildings, or Contaminate may cause inaccurate times.
  • Supply counts are checked every 10 seconds.